 Dungeon Crawl Stone Soup version 0.30-a0-1043-g60ff8d5f49 (webtiles) character file.

Game seed: 11256030401223841067

649 Hubris850 the Vexing (level 7, -11/53 HPs)
             Began as a Gnoll Hexslinger on Apr 10, 2023.
             Was an Initiate of Dithmenos.
             Killed from afar by a steam dragon (23 damage)
             ... with a ball of steam
             ... on level 6 of the Dungeon.
             The game lasted 00:17:09 (4882 turns).

Hubris850 the Vexing (Gnoll Hexslinger)             Turns: 4882, Time: 00:17:11

Health: -11/53     AC:  6    Str: 10    XL:     7   Next: 53%
Magic:  20/21      EV: 13    Int: 14    God:    Dithmenos [......]
Gold:   185        SH:  0    Dex: 12    Spells: 8/13 levels left

rFire   . . .      SeeInvis .    b - +0 dagger (venom)
rCold   . . .      Faith    .    (no shield)
rNeg    . . .      Spirit   .    c - +0 robe
rPois   +          Reflect  .    g - +0 helmet
rElec   .          Rampage  .    (no cloak)
rCorr   .                        v - +2 pair of gloves
Will    .....                    (no boots)
Stlth   ++                       (no amulet)
HPRegen 0.28/turn                h - ring of poison resistance
MPRegen 0.17/turn                r - ring of magical power

@: no status effects
A: fangs 1, strong nose, distributed training
a: Renounce Religion


You were on level 6 of the Dungeon.
You worshipped Dithmenos.
Dithmenos was noncommittal.
You visited 1 branch of the dungeon, and saw 6 of its levels.

You collected 185 gold pieces.

Inventory:

Hand Weapons
 a - a +1 sling
 b - a +0 dagger of venom (weapon)
Missiles
 d - 3 javelins
 l - 6 poisoned darts
Armour
 c - a +0 robe (worn)
 g - a +0 helmet (worn)
 v - a +2 pair of gloves (worn)
Jewellery
 h - a ring of poison resistance (left hand)
 r - a ring of magical power (right hand)
 y - a ring of ice
Wands
 x - a wand of light (14)
Scrolls
 i - 2 scrolls of fog
 j - a scroll of silence
 m - a scroll of torment
 n - 2 scrolls of vulnerability
 s - a scroll of poison
 t - a scroll of teleportation
Potions
 e - 4 potions of brilliance
 f - 4 potions of curing
 k - a potion of cancellation
 p - 2 potions of heal wounds {unknown}
 q - a potion of lignification
 u - a potion of magic {unknown}
 z - 2 potions of invisibility {unknown}
 A - a potion of attraction {unknown}


   Skills:
 + Level 3.7 Fighting
 + Level 2.6 Short Blades
 + Level 2.6 Long Blades
 + Level 2.6 Axes
 + Level 2.6 Maces & Flails
 + Level 2.6 Polearms
 + Level 2.6 Staves
 + Level 5.3 Ranged Weapons
 + Level 2.6 Throwing
 + Level 2.6 Armour
 + Level 5.3 Dodging
 + Level 2.6 Stealth
 + Level 2.6 Shields
 + Level 2.6 Unarmed Combat
 + Level 3.9 Spellcasting
 + Level 2.1 Conjurations
 + Level 5.9 Hexes
 + Level 2.1 Summonings
 + Level 2.1 Necromancy
 + Level 2.1 Translocations
 + Level 2.1 Transmutations
 + Level 2.1 Fire Magic
 + Level 2.1 Ice Magic
 + Level 2.1 Air Magic
 + Level 2.1 Earth Magic
 + Level 2.1 Poison Magic
 + Level 3.0 Invocations
 + Level 2.6 Evocations


You had 8 spell levels left.
You knew the following spells:

 Your Spells              Type           Power      Damage    Failure   Level
a - Slow                  Hex            76%        N/A       1%          1
b - Cigotuvi's Dreadful   Necr/Pois/Air  16%        N/A       12%         2
c - Passwall              Tmut/Erth      6%         N/A       12%         2

Your spell library contained the following spells:

 Spells                   Type           Power      Damage    Failure   Level
 Ensorcelled Hibernation  Hex/Ice        28%        N/A       5%          2
 Inner Flame              Hex/Fire       14%        N/A       11%         3
 Portal Projectile        Hex/Tloc       28%        N/A       11%         3
 Cause Fear               Hex            9%         N/A       17%         4
 Call Canine Familiar     Summ           8%         N/A       24%         3
 Swiftness                Air            8%         N/A       24%         3
 Leda's Liquefaction      Hex/Erth       7%         N/A       36%         4
 Dispel Undead            Necr           8%         3d8       61%         4
 Flame Wave               Conj/Fire      8%         2d5       61%         4
 Sticky Flame             Conj/Fire      8%         2d3       61%         4
 Death Channel            Necr           4%         N/A       100%        6


Dungeon Overview and Level Annotations

Branches:
Dungeon (6/15)             Temple (0/1) D:5

Altars:
Dithmenos
Fedhas
Kikubaaqudgha
Okawaru
Qazlal
Trog
Wu Jian
Zin
The Shining One

Annotations:
D:6 exclusion: steam dragon


Innate Abilities, Weirdness & Mutations

You have very sharp teeth.
Your uncanny sense of smell can sniff out nearby items.
Your experience applies equally to all skills.


Message History

b - a +0 dagger of venom (weapon)
Casting: Passwall (safe; 12% risk of failure)
Confirm with . or Enter, or press ? or * to list all spells.
Aiming: Passwall (safe; 12% risk of failure)
Press: ? - help, Dir - move target A rock wall.
Really passwall into a travel-excluded area?
You begin to meditate on the wall.
You continue meditating on the rock. x2
You finish merging with the rock.
Splash!
You fall into the shallow water.
Moving in this stuff is going to be slow.
The steam dragon breathes steam at you. The ball of steam hits you!
The steam dragon attacks as you move away!
The steam dragon bites you but does no damage.
The steam dragon misses you.
You are engulfed in a cloud of scalding steam.
Unknown command.
Aiming: Bolt of Light
Press: ? - help, Shift-Dir - straight line, f - steam dragon
Aim: a steam dragon (71% to hit)
The bolt of light hits the steam dragon!
The steam dragon is heavily wounded.
The steam dragon is blinded.
You hear an angry hiss.
The steam dragon closely misses you. x2
Aiming: Bolt of Light
Press: ? - help, Shift-Dir - straight line, f/p - steam dragon
Aim: a steam dragon (heavily wounded, blind, 71% to hit)
The bolt of light misses the steam dragon.
The bolt of light hits the steam dragon!
The steam dragon is almost dead.
The steam dragon breathes steam at you.
The ball of steam hits the steam dragon!
The steam dragon resists.
The ball of steam hits you!
* * * LOW HITPOINT WARNING * * *
The steam dragon breathes steam at you. The ball of steam hits you!!
You die...

..##.#######.##
##.# ..##.#
##.###.## .....#
##.#.## .#####
##.## .# #######
#.# .# #.....#
####.#### #.....#
#....§..# #...<.#
#.##.§#.#
#.....###.##.@..#
#..........##D###
###.#.###.##.D.##
#......####....=#
#..#......#~.8..#
.... ##...###≈~..?#
...
#......##≈≈~.....
..
.......#######~~≈~#
# #......## #####


You could see 2 steam dragons.

Vanquished Creatures
  2 scorpions (D:5)
  An orc priest (D:3)
  6 hounds
  A jelly (D:4)
  Terence (D:3)
  Jessica (D:2)
  An iguana (D:4)
  An orc wizard (D:4)
  Robin (D:4)
  4 adders
  2 white imps
  A worm (D:3)
  2 dart slugs
  14 orcs
  12 endoplasms
  5 giant cockroaches
  16 hobgoblins
  7 jackals (D:1)
  3 quokkas
  3 ball pythons
  5 bats
  A frilled lizard (D:2)
  11 goblins
  11 kobolds
  3 rats
115 creatures vanquished.

Notes
Turn   | Place    | Note
-------+----------+-------------------------------------------
     0 | D:1      | Hubris850 the Gnoll Hexslinger began the quest for the Orb.
     0 | D:1      | Reached XP level 1. HP: 17/17 MP: 4/4
    47 | D:1      | Reached XP level 2. HP: 23/23 MP: 5/5
   326 | D:1      | Found a faded altar of an unknown god.
   378 | D:1      | Reached XP level 3. HP: 23/28 MP: 7/7
  1077 | D:2      | Noticed Jessica
  1082 | D:2      | Reached skill level 1 in Invocations
  1082 | D:2      | Killed Jessica
  1083 | D:2      | Reached skill level 1 in Short Blades
  1083 | D:2      | Reached skill level 1 in Long Blades
  1083 | D:2      | Reached skill level 1 in Axes
  1083 | D:2      | Reached skill level 1 in Maces & Flails
  1083 | D:2      | Reached skill level 1 in Polearms
  1083 | D:2      | Reached skill level 1 in Staves
  1083 | D:2      | Reached skill level 1 in Throwing
  1083 | D:2      | Reached skill level 1 in Armour
  1083 | D:2      | Reached skill level 1 in Stealth
  1083 | D:2      | Reached skill level 1 in Shields
  1083 | D:2      | Reached skill level 1 in Unarmed Combat
  1083 | D:2      | Reached skill level 1 in Evocations
  1083 | D:2      | Reached XP level 4. HP: 34/34 MP: 8/8
  1201 | D:2      | Learned a level 2 spell: Cigotuvi's Dreadful Rot
  1329 | D:2      | Found a glowing silver altar of Zin.
  1361 | D:2      | Reached skill level 1 in Conjurations
  1361 | D:2      | Reached skill level 1 in Summonings
  1361 | D:2      | Reached skill level 1 in Necromancy
  1361 | D:2      | Reached skill level 1 in Translocations
  1361 | D:2      | Reached skill level 1 in Transmutations
  1361 | D:2      | Reached skill level 1 in Fire Magic
  1361 | D:2      | Reached skill level 1 in Ice Magic
  1361 | D:2      | Reached skill level 1 in Air Magic
  1361 | D:2      | Reached skill level 1 in Earth Magic
  1361 | D:2      | Reached skill level 1 in Poison Magic
  1618 | D:3      | Reached XP level 5. HP: 40/40 MP: 9/9
  1641 | D:3      | Found a blossoming altar of Fedhas.
  1786 | D:3      | Found a glowing golden altar of the Shining One.
  1922 | D:3      | Found an ornate altar of the Wu Jian Council.
  1922 | D:3      | Found an ancient bone altar of Kikubaaqudgha.
  1924 | D:3      | Found a stormy altar of Qazlal.
  1924 | D:3      | Found an iron altar of Okawaru.
  1928 | D:3      | Found a bloodstained altar of Trog.
  1928 | D:3      | Found a shadowy altar of Dithmenos.
  1956 | D:3      | Became a worshipper of Dithmenos the Shadowed
  2074 | D:3      | Noticed Terence
  2097 | D:3      | Killed Terence
  2507 | D:4      | Reached XP level 6. HP: 37/37 MP: 11/11
  2533 | D:4      | Reached skill level 5 in Ranged Weapons
  2533 | D:4      | Reached skill level 5 in Dodging
  2981 | D:4      | Noticed Robin
  2999 | D:4      | Killed Robin
  3152 | D:4      | Learned a level 2 spell: Passwall
  3463 | D:5      | Entered Level 5 of the Dungeon
  3539 | D:5      | Reached XP level 7. HP: 48/52 MP: 12/12
  3623 | D:5      | Found a staircase to the Ecumenical Temple.
  4237 | D:5      | Found a glowing silver altar of Zin.
  4843 | D:6      | Noticed a steam dragon
  4876 | D:6      | Noticed a steam dragon
  4882 | D:6      | Killed from afar by a steam dragon

Illustrated notes

Levels and vault maps discovered:
D:1:      mrwooster_arrival_statue_2, layout_basic,
          hellmonk_ecumenical_altar_inner_sanctum
D:2:      layout_loops_ring, basic_altar, uniq_jessica
D:3:      layout_rooms, tso_metal_star, fedhas_ov_isle_minmay,
          grunt_temple_overflow_open, uniq_terence
D:4:      layout_basic, kennysheep_generic_room_7, uniq_robin
D:5:      layout_basic, lemuel_doored_altar, minmay_temple_entry_glass
D:6:      cheibrodos_steamvent, layout_loops_cross,
          grunt_temple_overflow_cloverleaf

Skill      XL: |  1  2  3  4  5  6  7 |
---------------+----------------------+-----
Invocations    | 1 2 3 |  3.0
Short Blades   | 1 2 |  2.6
Long Blades    | 1 2 |  2.6
Axes           | 1 2 |  2.6
Maces & Flails | 1 2 |  2.6
Polearms       | 1 2 |  2.6
Staves         | 1 2 |  2.6
Throwing       | 1 2 |  2.6
Armour         | 1 2 |  2.6
Stealth        | 1 2 |  2.6
Shields        | 1 2 |  2.6
Unarmed Combat | 1 2 |  2.6
Evocations     | 1 2 |  2.6
Spellcasting   | 3 |  3.9
Conjurations   | 1 2 |  2.1
Summonings     | 1 2 |  2.1
Necromancy     | 1 2 |  2.1
Translocations | 1 2 |  2.1
Transmutations | 1 2 |  2.1
Fire Magic     | 1 2 |  2.1
Ice Magic      | 1 2 |  2.1
Air Magic      | 1 2 |  2.1
Earth Magic    | 1 2 |  2.1
Poison Magic   | 1 2 |  2.1
Fighting       | 3 |  3.7
Ranged Weapons | 5 |  5.3
Dodging        | 5 |  5.3
Hexes          | |  5.9

Action                     |  1- 3 |  4- 6 |  7- 9 || total
---------------------------+-------+-------+-------++-------
  Melee: Dagger            |       |    18 |     1 ||    19
         Punch             |       |     1 |       ||     1
         Bite              |       |     1 |       ||     1
   Fire: Sling             |    96 |   257 |    96 ||   449
   Cast: Slow              |     1 |     2 |       ||     3
         Cigotuvi's Dreadf |       |     2 |       ||     2
         Passwall          |       |     3 |     2 ||     5
  Evoke: Wand              |       |     2 |     2 ||     4
    Use: Scroll            |     7 |     6 |     1 ||    14
   Stab: Sleeping          |       |     3 |     1 ||     4
 Armour: Robe              |    16 |    62 |    19 ||    97
  Dodge: Dodged            |    32 |   140 |    45 ||   217

Table legend: (Time is in decaauts)
 A = Elapsed time spent in this place.
 B = Non-inter-level travel time spent in this place.
 C = Inter-level travel time spent in this place.
 D = Time resting spent in this place.
 E = Time spent auto-exploring this place.
 F = Levels seen in this place.
 G = Mean time per level.
                   A        B        C        D        E       F      G
               +--------+--------+--------+--------+--------+-----+--------+
         Total |   4935 |   4740 |    195 |    539 |   3267 |   6 |  822.5 |
       Dungeon |   4935 |   4740 |    195 |    539 |   3267 |   6 |  822.5 |
               +--------+--------+--------+--------+--------+-----+--------+

Top non-repeatable levels by time:
     D:5: 1339 daAuts
     D:4: 1239 daAuts
     D:1: 913 daAuts
     D:2: 724 daAuts
     D:3: 630 daAuts
     D:6: 88 daAuts
